 Dungeon Crawl Stone Soup version 0.18.1-47-g9310371 (console) character file.

46 Kloppie the Poker (level 3, 0/28 HPs)
             Began as a Merfolk Gladiator on June 15, 2016.
             Slain by Crazy Yiuf
             ... wielding a +2 quarterstaff of chaos
              (1 damage)
             ... on level 2 of the Dungeon.
             The game lasted 00:01:27 (1132 turns).

Kloppie the Poker (Merfolk Gladiator)               Turns: 1132, Time: 00:01:28

Health: 0/28       AC:  6    Str: 15    XL:     3   Next: 68%
Magic:  3/3        EV: 13    Int:  7    God:
Gold:   112        SH:  0    Dex: 15    Spells: 0 memorised, 2 levels left

rFire  . . .     SeeInvis .     a - +0 trident
rCold  . . .     Gourm    .     o - +0 ring mail
rNeg   . . .     Faith    .     (no shield)
rPois  .         Spirit   .     c - +0 helmet
rElec  .         Dismiss  .     (no cloak)
rCorr  .         Reflect  .     (no gloves)
SustAt .         Harm     .     (no boots)
MR     .....                    (no amulet)
Stlth  +.........               (no ring)
                                (no ring)

@: not resistant to hostile enchantments, very unstealthy
A: change form in water, swift swim
a: no special abilities


You were on level 2 of the Dungeon.
You were not hungry.

You visited 1 branch of the dungeon, and saw 2 of its levels.

You collected 112 gold pieces.

Inventory:

Hand Weapons
 a - a +0 trident (weapon)
Missiles
 d - a throwing net (quivered)
Armour
 c - a +0 helmet (worn)
 o - a +0 ring mail (worn)
Jewellery
 q - an uncursed amulet of regeneration {unknown}
Scrolls
 g - a scroll of enchant armour {unknown}
 h - a scroll of enchant weapon {unknown}
 i - 2 scrolls of remove curse {unknown}
 k - 3 scrolls of noise {unknown}
 l - a scroll of teleportation {unknown}
 m - a scroll of magic mapping {unknown}
 r - a scroll of identify {unknown}
Potions
 b - 2 potions of curing {unknown}
 e - a potion of mutation {unknown}
 j - a potion of cure mutation {unknown}
 n - a potion of magic {unknown}
Comestibles
 f - 2 bread rations
 p - 2 chunks of flesh
 s - a meat ration


   Skills:
 + Level 2.8 Fighting
 * Level 5.7 Polearms
 - Level 2.0 Throwing
 + Level 4.5 Dodging


You had 2 spell levels left.
You didn't know any spells.

Dungeon Overview and Level Annotations

Branches:
Dungeon (2/15)

Altars:

Annotations:
D:2 Crazy Yiuf


Message History

Crazy Yiuf barely misses you.
You completely miss Crazy Yiuf.
Crazy Yiuf is severely wounded.
Crazy Yiuf hits you with a quarterstaff of chaos.
* * * LOW HITPOINT WARNING * * *
You barely miss Crazy Yiuf.
Crazy Yiuf is severely wounded.
Crazy Yiuf hits you with a quarterstaff of chaos!
* * * LOW HITPOINT WARNING * * *
Crazy Yiuf freezes you.
* * * LOW HITPOINT WARNING * * *
Throwing (i - inventory):
d - 2 throwing nets (quivered)
Press: ? - help, Shift-Dir - straight line, f/p - Crazy Yiuf
Aim: Crazy Yiuf, wielding a quarterstaff of chaos and wearing a cloak (severely wounded)
You throw a throwing net.
The throwing net closely misses Crazy Yiuf.
Crazy Yiuf hits you with a quarterstaff of chaos.
* * * LOW HITPOINT WARNING * * *
Crazy Yiuf burns you.
You die...

#.# ..# ..#
..#######
.........
#####
..#####..
#.()#
.....##.####
#...#
....<...##.#
#.g.#
#..#######.#
#@#
.........#.#
##.#
#..#####.#.#
#.## .....#
#.#.# ##.#
.....###.#.#
#.##
.....'.....#
##.##
.....###...#
#...##
##..## ###.#
#.#..#
#...#####.#
#....#


You could see Crazy Yiuf.

Vanquished Creatures
  An adder (D:2)
  A worm (D:2)
  A dart slug (D:1)
  3 goblins
  5 hobgoblins
  3 jackals (D:1)
  3 ball pythons
  3 bats
  6 giant newts
  4 kobolds (D:1)
  3 rats
33 creatures vanquished.

Notes
Turn   | Place    | Note
--------------------------------------------------------------
     0 | D:1      | Kloppie the Merfolk Gladiator began the quest for the Orb.
     0 | D:1      | Reached XP level 1. HP: 16/16 MP: 1/1
   148 | D:1      | Reached XP level 2. HP: 15/23 MP: 2/2
   212 | D:1      | Reached skill level 5 in Polearms
   642 | D:1      | Reached XP level 3. HP: 24/28 MP: 3/3
  1121 | D:2      | Noticed Crazy Yiuf
  1132 | D:2      | HP: 1/28 [Crazy Yiuf/quarterstaff of chaos (2)]
  1132 | D:2      | Slain by Crazy Yiuf

Skill      XL: |  1  2 |
---------------+-------+-----
Polearms       | 5 |  5.7
Fighting       | |  2.8
Throwing       | |  2.0
Dodging        | |  4.5

Action                   || total
-------------------------++-------
Melee: Trident           ||   133
Throw: Throwing net      ||     2
 Stab: Held in net/web   ||     1
  Eat: Chunk             ||     1
Armor: Leather armour    ||    23
       Ring mail         ||     7
Dodge: Dodged            ||    75
